 Dungeon Crawl Stone Soup version 0.31-a0-234-gad7ace16ef (webtiles) character file.

Game seed: 420477009287791722

308 qw the Shooter (level 6, -1/52 HPs)
             Began as a Minotaur Hexslinger on July 9, 2023.
             Was an Initiate of Okawaru.
             Slain by a killer bee (6 damage)
             ... on level 5 of the Dungeon.
             The game lasted 00:01:20 (3697 turns).

qw the Shooter (Minotaur Hexslinger)                Turns: 3697, Time: 00:01:21

Health: -1/52      AC:  3    Str: 12    XL:     6   Next: 16%
Magic:  6/6        EV: 12    Int: 10    God:    Okawaru [......]
Gold:   221        SH:  0    Dex: 15    Spells: 6/7 levels left

rFire   . . .        Y - +2 sling
rCold   . . .        (no shield)
rNeg    . . .        i - +0 leather armour
rPois   .            (helmet restricted)
rElec   .            (no cloak)
rCorr   .            (no gloves)
SInv    .            (no boots)
Will    .....        (no amulet)
Stlth   +            (no ring)
HPRegen 0.28/turn    (no ring)
MPRegen 0.10/turn

%: no passive effects
@: lethally poisoned (-1 -> -21)
A: horns 2, retaliatory headbutt
a: Renounce Religion


You were on level 5 of the Dungeon.
You worshipped Okawaru.
Okawaru was noncommittal.
You visited 2 branches of the dungeon, and saw 6 of its levels.

You collected 221 gold pieces.


Innate Abilities, Weirdness & Mutations

You have a pair of horns on your head.
You reflexively headbutt those who attack you in melee.


   Skills:
 - Level 4.2 Fighting
 + Level 6.1 Ranged Weapons
 - Level 2.1 Dodging
 - Level 1.0 Spellcasting
 - Level 2.0 Hexes


You had 6 spell levels left.
You knew the following spells:

 Your Spells              Type           Power      Damage    Failure   Level
a - Slow                  Hex            16%        N/A       19%         1

Your spell library contained the following spells:

 Spells                   Type           Power      Damage    Failure   Level
 Inner Flame              Hex/Fire       2%         N/A       65%         3
 Portal Projectile        Hex/Tloc       4%         N/A       65%         3
 Cause Fear               Hex            2%         N/A       88%         4

Inventory:

Hand Weapons
 Y - a +2 sling (weapon)
Armour
 i - a +0 leather armour (worn)
Scrolls
 g - a scroll of teleportation
 k - 2 scrolls of identify
Potions
 a - a potion of cancellation
 b - a potion of curing {unknown}
 d - a potion of berserk rage {unknown}
 e - a potion of magic {unknown}
 f - a potion of might {unknown}
 h - a potion of mutation {unknown}
 j - a potion of brilliance {unknown}

Dungeon Overview and Level Annotations

Branches:
Dungeon (5/15)             Temple (1/1) D:5

Altars:
Cheibriados
Dithmenos
Elyvilon
Fedhas
Hepliaklqana
Kikubaaqudgha
Okawaru
Ru
Trog
Vehumet
Xom

Shops:
D:4 (


Message History

A killer bee comes into view. x2
The killer bee moves out of view.
You shoot a sling bullet. The killer bee buzzes angrily.
The sling bullet hits the killer bee.
The killer bee is moderately wounded.
You hear an angry buzzing noise.
A killer bee comes into view.
You hear an angry buzzing noise.
You shoot a sling bullet. The sling bullet misses the killer bee.
You shoot a sling bullet.
The sling bullet closely misses the killer bee.
The killer bee closely misses you. x3; The killer bee barely misses you.
You shoot a sling bullet.
The sling bullet completely misses the killer bee.
The killer bee barely misses you.
A killer bee comes into view.
The killer bee misses you. You furiously retaliate!
You headbutt the killer bee! The killer bee closely misses you.
You shoot a sling bullet.
The sling bullet closely misses the killer bee.
The killer bee closely misses you. You furiously retaliate!
You headbutt the killer bee! The killer bee barely misses you.
You furiously retaliate!
You headbutt the killer bee! The killer bee misses you. x2
The killer bee barely misses you. You furiously retaliate!
You headbutt the killer bee. The killer bee stings you!
You are poisoned.
The killer bee poisons you! The killer bee stings you!
You are more poisoned.
The killer bee poisons you! The killer bee stings you.
The killer bee stings you!
You are lethally poisoned!
The killer bee poisons you!
You shoot a sling bullet. The sling bullet hits the killer bee.
The killer bee is severely wounded.
You feel extremely sick. The killer bee barely misses you.
The killer bee stings you. The killer bee completely misses you.
The killer bee barely misses you. The killer bee stings you.
The killer bee stings you! The killer bee stings you.
You die...

.... .......# .....
#.#....# # .......
.......#.#
####.#.##...###.........
...<..............#..#.#
####....................
...............yy#......
...#............@yy.....
##.#............y#y.....
#.#.............#......
##.#....................
.#..............#.......
.#.#.#.#.#.#....#.......
................#..... .
.#.#.......#.#+##.....
.#...........#


You could see 6 killer bees.

Vanquished Creatures
  2 scorpions
  An iguana (D:2)
  A gnoll (D:1)
  4 adders
  An ufetubus (D:3)
  2 worms
  3 dart slugs
  9 orcs
  5 bats
  4 endoplasms
  4 giant cockroaches
  7 goblins
  7 hobgoblins
  8 jackals
  7 quokkas
  7 ball pythons
  3 frilled lizards
  13 kobolds
  7 rats
95 creatures vanquished.

Notes
Turn   | Place    | Note
-------+----------+-------------------------------------------
     0 | D:1      | qw the Minotaur Hexslinger began the quest for the Orb.
     0 | D:1      | Reached XP level 1. HP: 16/16 MP: 1/1
     0 | D:1      | 0 ||| qw: Version: 0.3-a-51-g015441d
     0 | D:1      | 0 ||| qw: Game counter: 4185
     0 | D:1      | 0 ||| qw: Melee chars always use a shield: true
     0 | D:1      | 0 ||| qw: God list: Okawaru
     0 | D:1      | 0 ||| qw: Allow faded altars: false
     0 | D:1      | 0 ||| qw: Do Orc after clearing Dungeon:15 true
     0 | D:1      | 0 ||| qw: Do second Lair branch before Depths: true
     0 | D:1      | 0 ||| qw: Lair rune preference: random
     0 | D:1      | 0 ||| qw: Goals: Normal
     0 | D:1      | 0 ||| PLANNING D:1-11
    88 | D:1      | Reached skill level 3 in Ranged Weapons
    88 | D:1      | Reached XP level 2. HP: 23/23 MP: 2/2
   296 | D:1      | Reached XP level 3. HP: 25/29 MP: 3/3
   559 | D:1      | HP: 1/29 [gnoll/+0 flail (8)]
   854 | D:1      | 854 ||| READING scroll labelled LEAWNY NAENUO.
   855 | D:1      | 855 ||| READING 2 scrolls labelled VUIQAO ZELO.
   856 | D:1      | 856 ||| READING scroll labelled PEALOVI JUJA.
   857 | D:1      | 857 ||| READING scroll labelled WUPPERHOEQYI.
   858 | D:1      | 858 ||| DROPPING scroll of poison.
   859 | D:1      | 859 ||| DROPPING scroll of vulnerability.
   975 | D:2      | Reached skill level 4 in Ranged Weapons
  1389 | D:2      | Reached XP level 4. HP: 36/36 MP: 4/4
  1767 | D:2      | 1767 ||| READING scroll labelled MOYPLI QOAGO.
  1768 | D:2      | 1768 ||| READING scroll labelled HECRI XODORPHI.
  1769 | D:2      | 1769 ||| DRINKING 2 green potions.
  1794 | D:2      | 1794 ||| DRINKING 2 bubbling golden potions.
  1795 | D:2      | 1795 ||| DRINKING 2 clear potions.
  1796 | D:2      | 1796 ||| DROPPING potion of lignification.
  1797 | D:2      | 1797 ||| DROPPING potion of degeneration.
  1864 | D:3      | Found a blossoming altar of Fedhas.
  1905 | D:3      | Found a radiant altar of Vehumet.
  1985 | D:3      | Reached skill level 5 in Ranged Weapons
  2066 | D:3      | 2066 ||| FLEEEEING.
  2067 | D:3      | 2067 ||| FLEEEEING.
  2068 | D:3      | 2068 ||| FLEEEEING.
  2069 | D:3      | 2069 ||| FLEEEEING.
  2070 | D:3      | 2070 ||| FLEEEEING.
  2071 | D:3      | 2071 ||| FLEEEEING.
  2072 | D:3      | 2072 ||| FLEEEEING.
  2099 | D:3      | 2099 ||| FLEEEEING.
  2100 | D:3      | 2100 ||| FLEEEEING.
  2101 | D:3      | 2101 ||| FLEEEEING.
  2102 | D:3      | 2102 ||| FLEEEEING.
  2103 | D:3      | 2103 ||| FLEEEEING.
  2104 | D:3      | 2104 ||| FLEEEEING.
  2105 | D:3      | 2105 ||| STAIRDANCE
  2149 | D:3      | 2149 ||| STAIRDANCE
  2151 | D:2      | HP: 4/37 [iguana (10)]
  2152 | D:2      | 2152 ||| DRINKING potion of heal wounds.
  2158 | D:2      | Reached skill level 3 in Fighting
  2259 | D:3      | Reached XP level 5. HP: 45/45 MP: 5/5
  2272 | D:3      | Found a faded altar of an unknown god.
  2614 | D:3      | Found a faded altar of an unknown god.
  2618 | D:3      | Found a shimmering altar of Xom.
  2619 | D:3      | 2619 ||| READING scroll labelled JAWNELE WIULI.
  2622 | D:3      | 2622 ||| READING scroll labelled DUINUA PEDDISIRO.
  2704 | D:4      | Found Guzum's Antique Weapon Emporium.
  2710 | D:4      | 2710 ||| SHOPLISTING runed orcbow (175 gold, have 108).
  3010 | D:4      | Reached skill level 6 in Ranged Weapons
  3294 | D:4      | 3294 ||| UPGRADING to +0 leather armour.
  3304 | D:4      | 3304 ||| DROPPING +0 robe.
  3369 | D:5      | Entered Level 5 of the Dungeon
  3467 | D:5      | Found a staircase to the Ecumenical Temple.
  3468 | D:5      | 3468 ||| PLANNING TEMPLE
  3468 | D:5      | 3468 ||| READING 2 scrolls of identify.
  3468 | D:5      | 3468 ||| IDENTIFYING orange potion
  3475 | Temple   | Entered the Ecumenical Temple
  3476 | Temple   | 3476 ||| PLANNING OKAWARU WORSHIP
  3553 | Temple   | Became a worshipper of Warmaster Okawaru
  3554 | Temple   | 3554 ||| PLANNING D:1-11
  3579 | D:5      | Reached XP level 6. HP: 29/52 MP: 6/6
  3697 | D:5      | HP: 12/52 [killer bee (3)]
  3697 | D:5      | HP: 5/52 [killer bee (7)]
  3697 | D:5      | Slain by a killer bee

Levels and vault maps discovered:
D:1:      elethiomel_arrival_infinity_welcomes_careful_drivers,
          layout_loops_ring
D:2:      layout_basic, kennysheep_another_room
D:3:      layout_basic, nicolae_overflow_ecumenical_swirl,
          mainiacjoe_overflow_alcove_4, overflow_temple_1_default,
          basic_ecumenical_altar, serial_bayou_lake_a
D:4:      layout_loops_cross, serial_shops, shop, kennysheep_generic_room_10
D:5:      layout_basic, nicolae_uskayaw_murder_on_the_dancefloor,
          minmay_temple_entry_glass
Temple:   nicolae_temple_colour_theory

Skill      XL: |  1  2  3  4  5 |
---------------+----------------+-----
Ranged Weapons | 3 4 5 6 |  6.1
Fighting       | 2 3 4 |  4.2
Dodging        | |  2.1
Spellcasting   | |  1.0
Hexes          | |  2.0

Action                     |  1- 3 |  4- 6 || total
---------------------------+-------+-------++-------
   Fire: Sling             |   117 |   163 ||   280
    Use: Scroll            |     4 |     5 ||     9
         Potion            |       |     4 ||     4
 Armour: Robe              |    13 |    11 ||    24
         Leather armour    |       |     1 ||     1
  Dodge: Dodged            |    34 |    54 ||    88

Table legend:
 A = Non-vault XP
 B = Vault XP
 C = Vault XP percentage of total XP
 D = Non-vault monster count
 E = Vault monster count
 F = Vault count percentage of total count
                 A         B        C        D         E       F
            +---------+---------+-------+---------+---------+-------
      Total |     359 |      81 |  18.4 |      93 |       2 |   2.1
            +---------+---------+-------+---------+---------+-------
        D:1 |      61 |       0 |   0.0 |      27 |       0 |   0.0
        D:2 |      98 |       0 |   0.0 |      23 |       0 |   0.0
        D:3 |      47 |       0 |   0.0 |      22 |       0 |   0.0
        D:4 |      66 |      81 |  55.1 |      20 |       2 |   9.1
        D:5 |      87 |       0 |   0.0 |       1 |       0 |   0.0
            +---------+---------+-------+---------+---------+-------
